 Dungeon Crawl Stone Soup version 0.20-a0-754-g13ddd6e (webtiles) character file.

684574 Klosterheim the Hoplite (level 27, -4/215 HPs)
             Began as a Demonspawn Berserker on Feb 23, 2017.
             Was the Champion of Trog.
             Killed from afar by an orb of fire (7 damage)
             ... with a bolt of fire
             ... on level 4 of the Realm of Zot on Feb 27, 2017.
             The game lasted 03:29:26 (75067 turns).

Klosterheim the Hoplite (Demonspawn Berserker)     Turns: 75067, Time: 03:29:27

Health: -4/215     AC: 51    Str: 29 (30) XL:     27
Magic:  10/10      EV: 23    Int:  7      God:    Trog [******]
Gold:   3826       SH: 37    Dex: 21      Spells: 26/26 levels left

rFire    + . .     SeeInvis .   g - +9 broad axe (antimagic)
rCold    + + +     Gourm    .   R - +9 armour of the Dragon King {rPois rF+ rC+ MR+}
rNeg     + . .     Faith    .   K - +10 large shield of Ignorance {rN+ Int-4}
rPois    +         Spirit   .   S - +2 helmet of Veymempi {rPois}
rElec    .         Reflect  .   p - +2 cloak {rPois}
rCorr    .         Harm     .   b - +2 pair of gloves {archery}
MR       ++++.                  (boots unavailable)
Stlth    ..........             Y - amulet "Wahe Bo Yku" {+Rage Slay+6}
Regen    0.5/turn               d - ring "Qivekoir" {rC+ MR+ Int+2 Slay+3}
MPRegen  0.2/turn               M - +4 ring of slaying

@: mighty, agile, exhausted, about to teleport, slowed, very slow
A: talons 3, iridescent scales 3, cold resistance 1, deterioration 1, low mp 1,
nightstalker 3, passive freeze, powered by pain 3, screaming 1, weak 1, no
potion heal 1, freezing cloud immunity
}: 3/15 runes: serpentine, barnacled, silver
a: Berserk, Trog's Hand, Brothers in Arms, Burn Spellbooks, Renounce Religion,
Evoke Berserk Rage


You were on level 4 of the Realm of Zot.
You worshipped Trog.
Trog was exalted by your worship.
You were very hungry.

You visited 8 branches of the dungeon, and saw 46 of its levels.
You visited 1 ziggurat, and saw 13 of its levels.
You also visited: Labyrinth, Bailey and Volcano.

You collected 5840 gold pieces.
You spent 2014 gold pieces at shops.

Inventory:

Hand Weapons
 g - a +9 antimagic broad axe (weapon)
 J - the +3 broad axe of Mobisof {vamp, MR++ Stlth+}
   (Trog gifted it to you on level 6 of the Lair of Beasts)

   It inflicts no extra harm, but heals its wielder when it wounds a living foe.
   It affects your resistance to hostile enchantments.
   It makes you more stealthy.
 U - a +9 broad axe of chopping
Armour
 b - a +2 pair of gloves of archery (worn)
 p - a +2 cloak of poison resistance (worn)
 K - the +10 large shield of Ignorance (worn) {rN+ Int-4}
   (You found it on level 8 of the Dungeon)

   It affects your intelligence (-4).
   It protects you from negative energy.
 R - the +9 armour of the Dragon King (worn) {rPois rF+ rC+ MR+}
   (You found it on level 5 of a ziggurat)

   It protects you from fire.
   It protects you from cold.
   It protects you from poison.
   It affects your resistance to hostile enchantments.
 S - the +2 helmet of Veymempi (worn) {rPois}
   (You found it on level 5 of the Depths)

   It protects you from poison.
Jewellery
 d - the ring "Qivekoir" (right hand) {rC+ MR+ Int+2 Slay+3}
   (You found it on level 6 of a ziggurat)

   [ring of intelligence]

   It affects your intelligence (+2).
   It affects your accuracy and damage with ranged weapons and melee attacks
   (+3).
   It protects you from cold.
   It affects your resistance to hostile enchantments.
 s - an uncursed ring of protection from fire
 M - a +4 ring of slaying (left hand)
 P - an uncursed ring of fire
 Y - the amulet "Wahe Bo Yku" (around neck) {+Rage Slay+6}
   (You found it on level 4 of a ziggurat)

   [amulet of rage]

   It affects your accuracy and damage with ranged weapons and melee attacks
   (+6).
   It lets you go berserk.
Wands
 k - a wand of digging (8/24)
 w - a wand of clouds (4/9)
 V - a wand of acid (5/15)
Scrolls
 f - 7 scrolls of fear
 h - 4 scrolls of magic mapping
 m - 8 scrolls of enchant armour
 o - 16 scrolls of recharging
 x - 7 scrolls of enchant weapon
 y - 21 scrolls of remove curse
 A - 7 scrolls of blinking
 B - 23 scrolls of teleportation
 H - 5 scrolls of fog
 O - 15 scrolls of identify
 X - 6 scrolls of silence
Potions
 i - 3 potions of cancellation
 j - a potion of invisibility
 l - 4 potions of flight
 r - 9 potions of lignification
 v - 8 potions of ambrosia
 z - 9 potions of might
 C - 3 potions of haste
 E - 11 potions of mutation
 G - 11 potions of curing
 N - 2 potions of agility
 Z - 4 potions of brilliance
Miscellaneous
 a - a lightning rod (3/4)
 e - 5 boxes of beasts
 F - 3 sacks of spiders
 L - a phial of floods (inert)
 Q - a lamp of fire
Comestibles
 c - 23 bread rations
 n - 36 royal jellies
 t - 8 meat rations


   Skills:
 - Level 17.2 Fighting
 - Level 18.0 Axes
 * Level 23.4 Armour
 * Level 15.9 Dodging
 - Level 25.0 Shields
 - Level 14.6 Evocations


You had 26 spell levels left.
You didn't know any spells.

Dungeon Overview and Level Annotations

Branches:
Dungeon (15/15)            Temple (0/1) D:6            Lair (6/6) D:10
 Shoals (4/4) Lair:2        Snake (4/4) Lair:4        Slime (0/5) Lair:6
    Orc (2/2) D:11            Elf (0/3) Orc:2        Vaults (5/5) D:13
  Crypt (0/3) Vaults:2     Depths (5/5) D:15            Zot (5/5) Depths:5

Altars:
Ashenzari
Dithmenos
Elyvilon
Hepliaklqana
Makhleb
Nemelex Xobeh
Ru
Sif Muna
Vehumet
Xom
The Shining One
Beogh
Lugonu

Shops:
D:6 ?   D:7 [   D:12 ([(   Orc:2 :=((   Shoals:3 *%%?   Shoals:4 [   Snake:2 (
Snake:3 }==   Vaults:2 (::   Vaults:5 (   Zot:1 *   Depths:4 !

Portals:
Hell: Depths:1 Depths:2 Depths:3 Depths:4 Depths:5
Abyss: Depths:3 Depths:4
Pandemonium: Depths:1 Depths:3

Annotations:
D:7 Joseph
D:8 exclusion: 3 orange crystal statues
Lair:2 exclusion: oklob plant


Innate Abilities, Weirdness & Mutations

You have claws for feet.
You are completely covered in iridescent scales. (AC +6)
Your flesh is cold resistant. (rC+)
You are completely attuned to the shadows.
A frigid envelope surrounds you and freezes all who hurt you.
You are powered by pain.
You are immune to freezing clouds.
Your body sometimes deteriorates upon taking damage.
Your magical capacity is low. (-10% MP)
You occasionally shout uncontrollably at your foes.
You are weak. (Str -2)
Potions are less effective at restoring your health.


Message History

Trog accepts your kill.
You miss the orb of fire.
The orb of fire glows red.
The fireball explodes!
The fireball engulfs you! You resist.
* * * LOW HITPOINT WARNING * * *
The fireball engulfs the orb of fire.
The orb of fire completely resists.
Your system partially rejects the healing.
You feel much better.
The orb of fire glows yellow.
The fireball explodes!
The fireball engulfs you! You resist.
* * * LOW HITPOINT WARNING * * *
Your body deteriorates!
You feel weakened.
The fireball engulfs the orb of fire.
The orb of fire completely resists.
Okay, then.
Okay, then.
As you read the scroll of summoning, it crumbles to dust.
Wisps of shadow whirl around you...
The orb of fire glows yellow.
The bolt of fire hits you! You resist.
You die...

#..#..# #...# #..#..#
#...## #..>..# #..#.##
#...#.# #.##..##
#...#[# #.##...##
#...#####..#....###
#...##y##.........#
#...##dd#...#.....#
#...##@*..^.###...#
#...##...#.## ##.##
#...##.Dd#.## ###
#...##...)..###
#...##....).).##
#...##.........###
#...##...........###
#...############...####
#...###########.......#


You could see an orb of fire, a friendly purple draconian, 2 friendly
draconians, a friendly quicksilver dragon and a friendly moth of wrath.

Vanquished Creatures
  An orb of fire (Zot:4)
  Mara (Snake:3)
  Mennas (Vaults:4)
  A juggernaut (Depths:4)
  2 curse toes (Zot:3)
  6 caustic shrikes
  16 golden dragons
  Jory (Vaults:2)
  A Brimstone Fiend (Zig:8)
  Jorgrun (Depths:2)
  17 tentacled monstrosities
  A hellephant (Zig:10)
  3 electric golems
  4 liches
  8 quicksilver dragons
  9 death cobs
  3 titans
  A kraken (Shoals:4)
  Polyphemus (Shoals:4)
  4 tentacled starspawn (Zig:12)
  An acid blob (shapeshifter) (Depths:4)
  9 sphinxes
  The ghost of dxctxrx the Maledictor, an adept SpEn of Gozag (Vaults:2)
  An ancient champion (Zig:5)
  13 shadow dragons
  10 storm dragons
  8 nagarajas
  13 tengu reavers
  Ilsuiw (Shoals:4)
  10 draconian monks
  5 draconian scorchers
  A deep elf sorcerer (Vaults:4)
  9 fire giants
  3 iron dragons
  3 draconian knights
  18 vault wardens
  4 ghost moths
  8 frost giants
  7 draconian shifters
  6 draconian stormcallers
  Louise (Shoals:4)
  4 spriggan defenders
  2 deep elf elementalists
  A ghoul (Vaults:2)
  21 ironheart preservers
  27 very ugly things
  2 caustic shrike skeletons
  30 stone giants
  A reaper (Zig:13)
  4 draconian annihilators
  2 war gargoyles (Vaults:5)
  3 entropy weavers
  9 green draconians
  An entropy weaver (shapeshifter) (Depths:5)
  An apis (Zig:1)
  A lorocyproca (Depths:1)
  4 vampire knights
  7 slime creatures (Vaults:1)
  12 black draconians
  2 deep elf annihilators (Vaults:5)
  9 white draconians
  A dire elephant (Zig:10)
  9 purple draconians
  7 red draconians
  10 spark wasps
  11 yellow draconians
  3 blizzard demons (Zig:13)
  6 merfolk impalers
  5 small abominations
  3 deep elf death magi
  A green death (Zig:6)
  14 ettins
  A crystal guardian (Vaults:3)
  4 deep elf high priests
  A minotaur (Lab)
  2 jiangshi (Depths:3)
  6 merfolk javelineers (Shoals:4)
  6 great orbs of eyes
  18 yaktaur captains
  11 fire dragons
  8 ogre magi
  6 rakshasas
  The ghost of tsouns the Grappler, a journeyman DrGl of Wu Jian (Lair:2)
  A quicksilver dragon skeleton (Depths:3)
  Harold (Lair:3)
  32 vault guards
  A catoblepas (Shoals:4)
  15 naga warriors
  7 hydras
  12 ice dragons
  8 centaur warriors
  6 spriggan air magi
  9 anacondas
  2 alligator snapping turtles (Shoals:4)
  5 death knights
  An alligator snapping turtle (shapeshifter) (Depths:3)
  An anaconda (shapeshifter) (Vaults:2)
  29 two-headed ogres
  3 merfolk avatars
  17 deep troll shamans
  3 satyrs
  2 dancing weapons (Vaults:5)
  2 merfolk aquamancers
  A queen ant (D:10)
  19 naga sharpshooters
  6 hell hogs
  9 death yaks
  A death yak (shapeshifter) (Zig:6)
  7 tengu warriors
  8 deep troll earth magi
  11 shock serpents
  6 spriggan berserkers
  5 vampire magi
  4 orc high priests (Orc:2)
  A storm dragon zombie (Depths:3)
  A thrashing horror (Zig:12)
  A soul eater (Depths:1)
  3 deep elf knights (Vaults:5)
  Nergalle (D:12)
  3 wretched stars (Zig:12)
  5 shadow wraiths
  The ghost of nubinia the Poker, a novice DsMo of Nemelex Xobeh (Bailey)
  12 skeletal warriors
  6 iron trolls
  20 sea snakes
  12 hell knights
  A spark wasp zombie (Zig:13)
  5 salamander mystics
  A swamp dragon (shapeshifter) (Depths:2)
  A golden dragon zombie (Depths:3)
  An unseen horror (D:14)
  6 glowing orange brains
  A spriggan druid (Zig:10)
  A shadow dragon zombie (Depths:3)
  A deep elf archer (Vaults:3)
  8 flayed ghosts
  45 deep trolls
  An iron dragon zombie (Zig:13)
  An orange crystal statue (D:8)
  10 naga ritualists
  5 phantasmal warriors
  A lindwurm (Lair:6)
  A tengu zombie (Depths:4)
  A sphinx zombie (Zig:13)
  6 wizards
  6 wolf spiders
  18 fauns
  18 ironbrand convokers
  4 necromancers
  61 ugly things
  2 orb spiders
  22 orc knights
  15 harpies
  A mana viper (shapeshifter) (Depths:4)
  9 mana vipers
  2 stone giant zombies (Zig:8)
  4 orc sorcerers
  A frost giant zombie (Zig:13)
  A shadow dragon skeleton (Zig:8)
  A salamander (shapeshifter) (Depths:3)
  5 manticores
  A deep elf mage (D:13)
  7 cyclopes
  11 large abominations
  11 salamanders
  A fire giant skeleton (Zig:13)
  A moth of wrath (shapeshifter) (Depths:4)
  2 centaur zombies
  8 merfolk sirens
  10 elephants
  A spriggan zombie (Zig:13)
  3 rust devils (Depths:3)
  21 moths of wrath
  14 naga magi
  54 black mambas
  Maurice (D:8)
  A frost giant skeleton (Depths:4)
  Psyche (D:12)
  14 guardian serpents
  2 apocalypse crabs
  18 vault sentinels
  A smoke demon (Zig:12)
  A toenail golem (Volcano)
  An eye of devastation (shapeshifter) (Vaults:2)
  7 molten gargoyles
  A titan simulacrum (Depths:3)
  6 water nymphs
  A spriggan skeleton (Depths:3)
  An orange demon (Depths:1)
  A torpor snail (Lair:2)
  14 spiny frogs
  2 demonic crawlers
  A hellion (Depths:3)
  74 yaktaurs
  A yaktaur (shapeshifter) (Vaults:2)
  A tormentor (Zig:13)
  12 komodo dragons
  2 kobold demonologists
  2 rime drakes (Zig:10)
  12 freezing wraiths
  3 ice devils
  2 hellwings
  3 ancient zymes (Zig:12)
  3 jumping spiders
  20 merfolk
  13 trolls
  A wind drake (shapeshifter) (Vaults:3)
  3 meliai (D:15)
  3 tengu conjurers
  4 wind drakes
  A polar bear (shapeshifter) (D:13)
  3 polar bears
  10 hornets
  Prince Ribbit (D:8)
  A dream sheep (Zig:10)
  4 raiju (Zig:12)
  6 blink frogs
  A raiju (shapeshifter) (Vaults:2)
  6 snapping turtles
  15 hippogriffs
  A stone giant simulacrum (Vaults:2)
  2 ynoxinuls
  5 air elementals
  10 water elementals
  A redback (shapeshifter) (Vaults:3)
  5 redbacks
  6 spriggans
  3 wraiths
  32 yaks
  A shadow (D:15)
  A spriggan (shapeshifter) (Depths:3)
  8 wyverns
  21 humans
  A tarantella (shapeshifter) (Depths:5)
  A fire bat (shapeshifter) (Depths:5)
  3 elf zombies
  5 basilisks
  3 fire elementals (Volcano)
  2 neqoxecs
  Grum (Lair:1)
  4 vampire mosquitoes (D:15)
  An elf skeleton (Depths:4)
  4 hungry ghosts
  2 steam dragons (Lair:6)
  A human (shapeshifter) (Vaults:4)
  4 hogs (D:7)
  5 chaos spawn
  A warg (shapeshifter) (Depths:2)
  61 nagas
  2 acid dragons
  13 wargs
  3 soldier ants (D:10)
  A swamp worm (shapeshifter) (D:14)
  10 hell hounds
  19 water moccasins
  10 porcupines
  A floating eye (shapeshifter) (Zig:6)
  3 sky beasts
  2 black bears (D:9)
  2 ice beasts
  57 orc warriors
  4 phantoms
  A black bear (shapeshifter) (Depths:5)
  29 ogres
  22 wolves
  A necrophage (D:9)
  12 boggarts
  17 centaurs
  9 crocodiles
  A big kobold (D:9)
  21 bullfrogs
  An earth elemental (Volcano)
  2 wyvern skeletons
  A water moccasin zombie (D:5)
  2 water moccasin skeletons (D:8)
  A hornet simulacrum (D:14)
  4 scorpions
  An elf simulacrum (Vaults:1)
  15 wights
  19 killer bees
  11 electric eels
  4 howler monkeys
  3 lava snakes (Lair:6)
  7 crimson imps
  2 quasits
  A bullfrog zombie (D:8)
  8 hounds
  29 orc wizards
  23 orc priests
  3 bullfrog skeletons
  2 centaur skeletons
  An iron imp (Depths:3)
  6 jellies
  Jessica (D:6)
  8 iguanas
  37 worker ants
  3 hound skeletons
  A howler monkey zombie (D:5)
  11 gnolls
  A worker ant zombie (D:6)
  10 adders
  3 shadow imps
  5 white imps
  2 ufetubi (Depths:3)
  4 oozes
  An adder skeleton (D:5)
  2 worms (D:2)
  A dart slug (D:1)
  3 leopard geckos
  109 orcs
  6 giant cockroaches
  6 goblins
  12 hobgoblins
  6 jackals
  11 kobolds
  8 quokkas
  A ball python (D:1)
  7 bats
  9 frilled lizards
  A jackal skeleton (D:8)
  7 rats
  A bush (D:11)
  2 crawling corpses
  2 fire vortices (Volcano)
  5 fungi
  3 plants
  3 starspawn tentacles (Zig:12)
  2 tentacles (Shoals:4)
2359 creatures vanquished.

Vanquished Creatures (collateral kills)
  Sojobo (Depths:3)
  Bai Suzhen (Vaults:2)
  Vashnia (Snake:2)
  Nikola (Shoals:4)
  A tentacled monstrosity (Vaults:5)
  A titan (Vaults:5)
  Asterion (Depths:2)
  A shadow dragon (Zot:2)
  2 storm dragons (Vaults:5)
  A ghost moth (Zig:7)
  A frost giant (Depths:3)
  A deep elf sorcerer (Vaults:5)
  3 fire giants
  A caustic shrike zombie (Zig:8)
  Aizul (Snake:3)
  2 vault wardens (Vaults:5)
  An emperor scorpion (Zig:7)
  A draconian annihilator (Zot:2)
  4 stone giants
  An entropy weaver (Vaults:3)
  An ironheart preserver (Vaults:5)
  A very ugly thing (Vaults:5)
  A purple draconian (Zot:2)
  A yellow draconian (Zot:2)
  2 yaktaur captains
  2 ogre magi
  An ettin (Depths:3)
  A deep elf high priest (Vaults:5)
  2 vault guards
  A hydra (Lair:1)
  Erolcha (Orc:1)
  An ice dragon (Vaults:4)
  The ghost of Ijustatesigmund the Destroyer, a journeyman GrCj of Vehumet (Volcano)
  A centaur warrior (Depths:2)
  A two-headed ogre (shapeshifter) (Vaults:5)
  2 merfolk aquamancers
  A hell knight (Zig:8)
  Sonja (Lair:3)
  An iron troll (Depths:1)
  A deep troll (Vaults:5)
  2 ironbrand convokers (Vaults:5)
  2 tengu zombies
  A mana viper (shapeshifter) (Vaults:5)
  An ugly thing (Depths:2)
  A salamander (Snake:3)
  A vault sentinel (Vaults:2)
  A stone giant skeleton (Zig:8)
  An ice statue (Zig:8)
  A tormentor (Zig:13)
  A yaktaur (Vaults:3)
  A red devil (Zig:8)
  3 merfolk (Shoals:3)
  A meliai (Zig:7)
  A queen bee (D:15)
  A wind drake (shapeshifter) (Vaults:3)
  A hornet (Zig:7)
  A redback (Zig:7)
  A snapping turtle (Shoals:3)
  A tarantella (Zig:7)
  An air elemental (Depths:3)
  A water elemental (Shoals:3)
  2 yaks (Lair:1)
  A warg (Orc:1)
  A water moccasin (Lair:1)
  A porcupine (Lair:1)
  An ice beast (Zig:13)
  A centaur (Shoals:3)
  6 killer bees (D:15)
  An orc (Bailey)
90 creatures vanquished.

Vanquished Creatures (others)
  2 liches (Vaults:5)
  An ogre mage (Vaults:4)
  A hell knight (Depths:2)
  A water moccasin (Lair:6)
  A boggart (Depths:3)
  A wolf (Lair:6)
  An iron imp (Depths:3)
  An adder (D:11)
  An orc (D:10)
  A fire vortex (Volcano)
  A fungus (Lair:6)
  22 plants
  4 starspawn tentacles (Zig:12)
  4 tentacles (Shoals:4)
42 creatures vanquished.

Grand Total: 2491 creatures vanquished

Notes
Turn   | Place    | Note
-------+----------+-------------------------------------------
     0 | D:1      | Klosterheim the Demonspawn Berserker began the quest for the Orb.
     0 | D:1      | Reached XP level 1. HP: 18/18 MP: 1/1
   190 | D:1      | Gained mutation: You are partially covered in iridescent scales. (AC +2) [demonic ancestry]
   190 | D:1      | Reached XP level 2. HP: 24/24 MP: 2/2
   764 | D:1      | Gained mutation: You are mostly covered in iridescent scales. (AC +4) [demonic ancestry]
   764 | D:1      | Reached XP level 3. HP: 24/29 MP: 3/3
  1167 | D:2      | Reached ** piety under Trog
  1504 | D:2      | Gained mutation: You are slightly more attuned to the shadows. [demonic ancestry]
  1504 | D:2      | Reached XP level 4. HP: 35/35 MP: 4/4
  1669 | D:2      | Reached skill level 5 in Axes
  1950 | D:3      | Gained mutation: You have sharp toenails. [demonic ancestry]
  1950 | D:3      | Reached XP level 5. HP: 40/41 MP: 5/5
  2000 | D:3      | Found a white marble altar of Elyvilon.
  2800 | D:4      | Reached XP level 6. HP: 44/47 MP: 6/6
  3272 | D:4      | Found a sacrificial altar of Ru.
  3275 | D:4      | Found a radiant altar of Vehumet.
  3276 | D:4      | Found a shimmering altar of Xom.
  3434 | D:4      | Reached *** piety under Trog
  3881 | D:5      | Entered Level 5 of the Dungeon
  3928 | D:5      | Noticed a sky beast
  3970 | D:5      | Killed a sky beast
  3970 | D:5      | Reached XP level 7. HP: 32/52 MP: 7/7
  4454 | D:5      | Found a shattered altar of Ashenzari.
  4537 | D:5      | Gained mutation: You are significantly more attuned to the shadows. [demonic ancestry]
  4537 | D:5      | Reached XP level 8. HP: 37/58 MP: 8/8
  5169 | D:6      | Found Toogol's Magic Scroll Emporium.
  5173 | D:6      | Bought a scroll of enchant armour for 97 gold pieces
  5173 | D:6      | Bought a scroll of blinking for 97 gold pieces
  5173 | D:6      | Bought a scroll of teleportation for 39 gold pieces
  5173 | D:6      | Bought a scroll of identify for 26 gold pieces
  5196 | D:6      | Found a staircase to the Ecumenical Temple.
  5249 | D:6      | Reached skill level 10 in Axes
  5252 | D:6      | Reached **** piety under Trog
  5566 | D:6      | Noticed Jessica
  5572 | D:6      | Found a deep blue altar of Sif Muna.
  5580 | D:6      | Killed Jessica
  5796 | D:7      | Found a glowing golden altar of the Shining One.
  6204 | D:7      | Noticed Joseph
  6204 | D:7      | Gained mutation: You are completely attuned to the shadows. [demonic ancestry]
  6204 | D:7      | Reached XP level 9. HP: 63/63 MP: 9/9
  6769 | D:7      | Found Xenkeame's Antique Armour Shop.
  7475 | D:8      | Found a shadowy altar of Dithmenos.
  7479 | D:8      | Noticed Maurice
  7545 | D:8      | Paralysed by Maurice for 3 turns
  7567 | D:8      | Paralysed by something for 4 turns
  7576 | D:8      | Paralysed by something for 3 turns
  7623 | D:8      | Killed Maurice
  7633 | D:8      | Noticed a two-headed ogre
  7641 | D:8      | Killed a two-headed ogre
  7641 | D:8      | Reached XP level 10. HP: 70/70 MP: 10/10
  7760 | D:8      | Noticed Prince Ribbit
  7769 | D:8      | Killed Prince Ribbit
  8012 | D:8      | Found a hazy altar of Hepliaklqana.
  8189 | D:8      | Received a gift from Trog
  8647 | D:8      | Found a runed door.
  8665 | D:8      | Found a runed door.
  8665 | D:8      | Noticed an orange crystal statue
  8711 | D:8      | Noticed an orange crystal statue
  8724 | D:8      | Killed an orange crystal statue
  8731 | D:8      | Noticed an orange crystal statue
  8734 | D:8      | Noticed an orange crystal statue
  9249 | D:8      | Reached skill level 1 in Shields
  9521 | D:9      | Reached skill level 5 in Armour
  9523 | D:9      | Reached skill level 2 in Shields
  9769 | D:9      | Found a flagged portal.
  9882 | Bailey   | Entered a bailey
 10028 | Bailey   | Reached skill level 3 in Shields
 10140 | Bailey   | Noticed nubinia's ghost (novice DsMo)
 10155 | Bailey   | Killed nubinia's ghost
 10377 | Bailey   | Gained mutation: You have razor-sharp toenails. [demonic ancestry]
 10377 | Bailey   | Reached XP level 11. HP: 75/75 MP: 11/11
 10390 | Bailey   | Found a roughly hewn altar of Beogh.
 10390 | Bailey   | Noticed an orc knight
 10404 | Bailey   | Killed an orc knight
 10404 | Bailey   | Reached skill level 4 in Shields
 11320 | D:9      | Found a sparkling altar of Nemelex Xobeh.
 11585 | D:9      | Found a burning altar of Makhleb.
 11767 | D:10     | Entered Level 10 of the Dungeon
 11809 | D:10     | Reached skill level 5 in Shields
 11825 | D:10     | Reached ***** piety under Trog
 11998 | D:10     | Found a staircase to the Lair.
 12010 | D:10     | Reached skill level 5 in Fighting
 12046 | D:10     | Noticed a two-headed ogre
 12057 | D:10     | Killed a two-headed ogre
 12544 | D:10     | HP: 6/121 [electric eel/bolt of electricity (5)]
 13952 | D:10     | Noticed a queen ant
 13955 | D:10     | Reached skill level 6 in Shields
 13968 | D:10     | Killed a queen ant
 14059 | D:10     | Received a gift from Trog
 14826 | Lair:1   | Entered Level 1 of the Lair of Beasts
 14826 | Lair:1   | Noticed Grum
 14838 | Lair:1   | Killed Grum
 15020 | Lair:1   | Noticed an eight-headed hydra
 15050 | Lair:1   | Killed an eight-headed hydra
 15560 | Lair:1   | Reached XP level 12. HP: 94/94 MP: 12/12
 15984 | Lair:1   | Reached skill level 7 in Shields
 16102 | Lair:1   | Noticed a death yak
 16103 | Lair:1   | Noticed a death yak
 16103 | Lair:1   | Noticed a death yak
 16115 | Lair:1   | Killed a death yak
 16115 | Lair:1   | Reached skill level 10 in Armour
 16124 | Lair:1   | Killed a death yak
 16160 | Lair:1   | Killed a death yak
 16685 | Lair:2   | Reached skill level 10 in Fighting
 16987 | Lair:2   | Noticed tsouns's ghost (journeyman DrGl)
 17034 | Lair:2   | Killed tsouns's ghost
 17339 | Lair:2   | Reached skill level 8 in Shields
 17422 | Lair:2   | Found a staircase to the Shoals.
 20211 | D:11     | Found a roughly hewn altar of Beogh.
 20217 | D:11     | Found a staircase to the Orcish Mines.
 20537 | D:11     | Reached XP level 13. HP: 106/107 MP: 13/13
 20998 | Orc:1    | Entered Level 1 of the Orcish Mines
 21007 | Orc:1    | Noticed Erolcha
 21021 | Orc:1    | Killed Erolcha
 21021 | Orc:1    | Reached skill level 9 in Shields
 21163 | Orc:1    | Noticed an ettin
 21173 | Orc:1    | Killed an ettin
 21288 | Orc:1    | Found a dark tunnel.
 21300 | Volcano  | Entered a volcano
 21717 | Volcano  | Noticed Ijustatesigmund's ghost (journeyman GrCj)
 21750 | Volcano  | Killed Ijustatesigmund's ghost
 22344 | Orc:1    | Received a gift from Trog
 22537 | Orc:1    | Upgraded the game from 0.20-a0-738-gb057e68 to 0.20-a0-754-g13ddd6e
 22582 | Orc:2    | Entered Level 2 of the Orcish Mines
 22746 | Orc:2    | Found a labyrinth entrance.
 22759 | Lab      | Entered a labyrinth
 23854 | Lab      | Noticed a minotaur
 23863 | Lab      | Killed a minotaur
 23932 | Orc:2    | Found a staircase to the Elven Halls.
 24539 | Orc:2    | Reached skill level 10 in Shields
 24808 | Orc:2    | Found Ylirgh's Book Shop.
 24808 | Orc:2    | Found Ragewk's Antique Weapon Shoppe.
 25104 | Orc:2    | Found Nypimnuj's Weapon Shoppe.
 25104 | Orc:2    | Found Dukk's Jewellery Shop.
 25284 | D:7      | Bought a translucent plate armour for 896 gold pieces
 25294 | D:7      | Identified the +4 plate armour "Zakkiv" {rPois MR+ Stlth+} (You bought it in a shop on level 7 of the Dungeon)
 25714 | Lair:3   | Noticed Sonja
 25719 | Lair:3   | Killed Sonja
 25912 | Lair:3   | Noticed Harold
 25937 | Lair:3   | Killed Harold
 26261 | Lair:3   | Received a gift from Trog
 26488 | Lair:2   | Gained mutation: You are completely covered in iridescent scales. (AC +6) [demonic ancestry]
 26488 | Lair:2   | Reached XP level 14. HP: 91/119 MP: 14/14
 27519 | Lair:4   | Found a staircase to the Snake Pit.
 29527 | Lair:6   | Entered Level 6 of the Lair of Beasts
 29640 | Lair:6   | Reached skill level 15 in Axes
 30464 | Lair:6   | Received a gift from Trog
 30473 | Lair:6   | Got a dazzling broad axe {god gift}
 30475 | Lair:6   | Identified the +3 broad axe of Mobisof {vamp, MR++ Stlth+} (Trog gifted it to you on level 6 of the Lair of Beasts)
 30751 | Lair:6   | Found a large runed door.
 30767 | Lair:6   | Found a large runed door.
 30923 | Lair:6   | Found a staircase to the Slime Pits.
 31386 | Snake:1  | Entered Level 1 of the Snake Pit
 31855 | Snake:1  | Reached XP level 15. HP: 125/125 MP: 15/15
 32754 | Snake:2  | Received a gift from Trog
 32989 | Snake:2  | Received a gift from Trog
 33635 | Snake:2  | Found Isupn's Antique Weapon Emporium.
 33815 | Snake:3  | Noticed Vashnia
 33883 | Snake:2  | Killed Vashnia
 34016 | Snake:3  | Reached skill level 11 in Shields
 34025 | Snake:3  | Reached ****** piety under Trog
 34059 | Snake:3  | Noticed Aizul
 34084 | Snake:3  | Noticed a nagaraja
 34499 | Snake:3  | Killed Aizul
 34680 | Snake:2  | Received a gift from Trog
 34716 | Snake:3  | Noticed Mara
 34731 | Snake:3  | Killed Mara
 34731 | Snake:3  | Reached XP level 16. HP: 108/132 MP: 16/16
 35127 | Snake:3  | Reached skill level 12 in Shields
 35667 | Snake:3  | Found Kuss's Jewellery Boutique.
 35667 | Snake:3  | Found Lokuimawk's Jewellery Boutique.
 35668 | Snake:3  | Found Teos's Gadget Emporium.
 35676 | Snake:3  | Bought the amulet of Boraxemo {+Inv Regen+} for 616 gold pieces
 35905 | Snake:4  | Entered Level 4 of the Snake Pit
 36109 | Snake:4  | Received a gift from Trog
 36112 | Snake:4  | Identified a scroll of acquirement
 36272 | Snake:4  | Reached skill level 13 in Shields
 37084 | Snake:4  | Reached skill level 15 in Armour
 37213 | Snake:4  | Reached skill level 14 in Shields
 37419 | Snake:4  | Reached XP level 17. HP: 138/138 MP: 17/17
 37541 | Snake:4  | Received a gift from Trog
 37595 | Snake:4  | Got a serpentine rune of Zot
 37860 | Shoals:1 | Entered Level 1 of the Shoals
 38065 | Shoals:1 | Reached skill level 15 in Shields
 38997 | Shoals:2 | Received a gift from Trog
 39156 | Shoals:2 | HP: 8/207 [water nymph/the raging water (9)]
 39588 | Shoals:2 | Received a gift from Trog
 39941 | Shoals:3 | Found Fockideh's Magic Scroll Shop.
 39951 | Shoals:3 | Reached skill level 16 in Shields
 39998 | Shoals:3 | Bought a scroll of identify for 34 gold pieces
 39998 | Shoals:3 | Bought a scroll of fear for 59 gold pieces
 40047 | Shoals:3 | Found Paxof's Food Shop.
 40098 | Shoals:3 | Found Qocoucsul's General Store.
 40345 | Shoals:3 | Found Kausomi's Food Shoppe.
 40728 | Shoals:3 | Noticed a titan
 40734 | Shoals:3 | Killed a titan
 41086 | Shoals:4 | Entered Level 4 of the Shoals
 41135 | Shoals:4 | Received a gift from Trog
 41235 | Shoals:4 | Reached skill level 17 in Shields
 41309 | Shoals:4 | Found Wajaam's Antique Armour Shoppe.
 41311 | Shoals:4 | Noticed Louise
 41337 | Shoals:4 | Killed Louise
 41878 | Shoals:4 | Noticed Nikola
 41887 | Shoals:4 | Killed Nikola
 41887 | Shoals:4 | Gained mutation: You sometimes gain a little power by taking damage. [demonic ancestry]
 41887 | Shoals:4 | Reached XP level 18. HP: 145/145 MP: 18/18
 42167 | Shoals:4 | Noticed Ilsuiw
 42224 | Shoals:4 | Killed Ilsuiw
 42521 | Shoals:4 | Identified the Almanac of the Enthralling Frostbite
 42605 | Shoals:4 | Reached skill level 1 in Evocations
 42734 | Shoals:4 | Got a barnacled rune of Zot
 42942 | Shoals:4 | Noticed Polyphemus
 42967 | Shoals:4 | Killed Polyphemus
 43331 | D:12     | Found Evampo's Weapon Boutique.
 43356 | D:12     | Noticed Nergalle
 43367 | D:12     | Killed Nergalle
 43421 | D:12     | Found Waje's Armour Shoppe.
 43502 | D:12     | Found Pukloum's Antique Weapon Shop.
 43647 | D:12     | Noticed Psyche
 43657 | D:12     | Killed Psyche
 43726 | D:12     | Received a gift from Trog
 44730 | D:13     | Reached skill level 5 in Evocations
 44816 | D:13     | Reached skill level 18 in Shields
 44908 | D:13     | Found a gate to the Vaults.
 46402 | D:15     | Entered Level 15 of the Dungeon
 46516 | D:15     | Received a gift from Trog
 47385 | D:15     | Found a staircase to the Depths.
 47572 | Vaults:1 | Entered Level 1 of the Vaults
 48238 | Vaults:1 | Received a gift from Trog
 48372 | Vaults:1 | Reached XP level 19. HP: 151/151 MP: 25/25
 49022 | Vaults:1 | Reached skill level 10 in Evocations
 49193 | Vaults:2 | Noticed Jory
 49225 | Vaults:2 | Killed Jory
 49653 | Vaults:2 | Received a gift from Trog
 49760 | Vaults:2 | Reached skill level 19 in Shields
 49953 | Vaults:2 | Noticed Bai Suzhen
 49969 | Vaults:2 | Killed Bai Suzhen
 50270 | Vaults:2 | Found Ufoll's Book Shop.
 50270 | Vaults:2 | Found Jamumell's Book Boutique.
 50330 | Vaults:2 | Noticed dxctxrx's ghost (adept SpEn)
 50466 | Vaults:2 | Received a gift from Trog
 50484 | Vaults:2 | Killed dxctxrx's ghost
 50493 | Vaults:2 | Got a crystal broad axe {god gift}
 50522 | Vaults:2 | Identified the +7 broad axe "Tihof" {chop, +Rage rC+} (Trog gifted it to you on level 2 of the Vaults)
 50596 | Vaults:2 | Reached skill level 15 in Fighting
 51026 | Vaults:2 | Found Mesucatt's Antique Weapon Shop.
 51313 | Vaults:2 | Found a staircase to the Crypt.
 51404 | Vaults:3 | Gained mutation: You have claws for feet. [demonic ancestry]
 51404 | Vaults:3 | Reached XP level 20. HP: 150/162 MP: 28/28
 52317 | Vaults:3 | Received a gift from Trog
 52612 | Vaults:3 | Reached skill level 20 in Shields
 54088 | Vaults:4 | Noticed Mennas
 54328 | Vaults:4 | Received a gift from Trog
 54333 | Vaults:4 | Killed Mennas
 54677 | Vaults:4 | Received a gift from Trog
 54930 | Vaults:4 | Reached XP level 21. HP: 174/174 MP: 29/29
 55132 | Vaults:5 | Entered Level 5 of the Vaults
 55173 | Vaults:4 | Reached skill level 21 in Shields
 55224 | Vaults:4 | Received a gift from Trog
 55763 | Vaults:5 | Received a gift from Trog
 55905 | Vaults:5 | Reached skill level 22 in Shields
 56064 | Vaults:5 | Got a heavily runed turquoise ring
 56066 | Vaults:5 | Identified the ring of Ytol {Ice rN+ Stlth+} (You took it off a yaktaur captain on level 5 of the Vaults)
 56095 | Vaults:5 | Got a silver rune of Zot
 56374 | Vaults:5 | Gained mutation: Potions are less effective at restoring your health. [a shining eye]
 56618 | Vaults:5 | Received a gift from Trog
 56632 | Vaults:4 | Gained mutation: You sometimes gain power by taking damage. [demonic ancestry]
 56632 | Vaults:4 | Reached XP level 22. HP: 182/182 MP: 30/30
 56690 | Vaults:5 | Got a pair of dazzling gloves
 56703 | Vaults:5 | Identified the +0 pair of gloves "Awocvac" {*Slow rPois MR+ Int+3} (You found it on level 5 of the Vaults)
 56830 | Vaults:5 | Found Ugrijouck's Antique Weapon Boutique.
 57144 | Vaults:5 | Reached skill level 5 in Dodging
 57182 | Vaults:5 | Got a warped golden ring
 57276 | Vaults:5 | Reached skill level 23 in Shields
 57424 | Vaults:5 | Identified the ring "Lunu" {Fire +Blink} (You took it off an ironheart preserver on level 5 of the Vaults)
 57498 | Vaults:5 | Received a gift from Trog
 58313 | Depths:1 | Entered Level 1 of the Depths
 59030 | Depths:1 | Found a gateway to Hell.
 59337 | Depths:1 | Found a one-way gate leading to the halls of Pandemonium.
 59845 | Depths:2 | Received a gift from Trog
 59948 | Depths:2 | Noticed Asterion
 59965 | Depths:2 | Killed Asterion
 60208 | Depths:2 | Noticed Jorgrun
 60237 | Depths:2 | Killed Jorgrun
 60526 | Depths:2 | Reached XP level 23. HP: 175/188 MP: 31/31
 60666 | Depths:2 | Reached skill level 10 in Dodging
 61323 | Depths:3 | Noticed Sojobo
 61330 | Depths:3 | Killed Sojobo
 61489 | Depths:3 | Received a gift from Trog
 61636 | Depths:3 | Noticed a caustic shrike
 61637 | Depths:3 | Noticed a caustic shrike
 61642 | Depths:3 | Noticed a caustic shrike
 61818 | Depths:3 | Noticed a caustic shrike
 61828 | Depths:3 | Killed a caustic shrike
 61836 | Depths:3 | Killed a caustic shrike
 61847 | Depths:3 | Killed a caustic shrike
 62034 | Depths:3 | Noticed a caustic shrike
 62038 | Depths:3 | a caustic shrike changed into a golden dragon
 62120 | Depths:3 | Noticed a caustic shrike
 62142 | Depths:3 | Killed a caustic shrike
 62621 | Depths:3 | Killed a caustic shrike
 62621 | Depths:3 | Received a gift from Trog
 63313 | Depths:3 | Gained mutation: Your flesh is cold resistant. (rC+) [demonic ancestry]
 63313 | Depths:3 | Reached XP level 24. HP: 195/195 MP: 31/31
 63319 | Depths:3 | Found a one-way gate to the infinite horrors of the Abyss.
 63398 | Depths:4 | Reached skill level 24 in Shields
 63768 | Depths:4 | Received a gift from Trog
 64334 | Depths:4 | Paralysed by a floating eye for 4 turns
 64412 | Depths:4 | Noticed a juggernaut
 64461 | Depths:4 | Killed a juggernaut
 64510 | Depths:4 | Received a gift from Trog
 64611 | Depths:4 | Reached skill level 25 in Shields
 64948 | Depths:4 | Found Imatis's Distillery.
 64953 | Depths:4 | Bought a potion of haste for 150 gold pieces
 65004 | Depths:5 | Entered Level 5 of the Depths
 65151 | Depths:5 | Found a gateway to a ziggurat.
 65197 | Zig:1    | Entered Level 1 of a ziggurat
 65219 | Zig:2    | Entered Level 2 of a ziggurat
 65258 | Zig:3    | Entered Level 3 of a ziggurat
 65278 | Zig:3    | Gained mutation: You are powered by pain. [demonic ancestry]
 65278 | Zig:3    | Reached XP level 25. HP: 201/201 MP: 0/31
 65304 | Zig:4    | Entered Level 4 of a ziggurat
 65507 | Zig:4    | Got a faintly glowing lead amulet
 65515 | Zig:5    | Entered Level 5 of a ziggurat
 65594 | Zig:5    | Identified the amulet "Wahe Bo Yku" {+Rage Slay+6} (You found it on level 4 of a ziggurat)
 65654 | Zig:6    | Entered Level 6 of a ziggurat
 65696 | Zig:6    | Received a gift from Trog
 65912 | Zig:6    | Got a glittering platinum ring
 65928 | Zig:6    | Identified the ring "Qivekoir" {rC+ MR+ Int+2 Slay+3} (You found it on level 6 of a ziggurat)
 65943 | Zig:7    | Entered Level 7 of a ziggurat
 66048 | Zig:7    | Got a slimy copper ring
 66049 | Zig:7    | Identified the ring of the Assorted Tales {+Fly MR+ Int+4 Dex+2 Slay-3} (You found it on level 7 of a ziggurat)
 66074 | Zig:8    | Entered Level 8 of a ziggurat
 66176 | Zig:9    | Entered Level 9 of a ziggurat
 66218 | Zig:9    | Received a gift from Trog
 66296 | Zig:10   | Entered Level 10 of a ziggurat
 66322 | Zig:10   | Received a gift from Trog
 66492 | Zig:11   | Entered Level 11 of a ziggurat
 66621 | Zig:12   | Entered Level 12 of a ziggurat
 68783 | Zig:12   | Gained mutation: You are immune to freezing clouds. [demonic ancestry]
 68783 | Zig:12   | Reached XP level 26. HP: 201/208 MP: 29/29
 68785 | Zig:12   | Received a gift from Trog
 68795 | Zig:12   | Got a flickering copper ring
 68796 | Zig:12   | Identified the ring of Eternal Harmony {Ice Stlth+} (You found it on level 12 of a ziggurat)
 68808 | Zig:13   | Entered Level 13 of a ziggurat
 69423 | Zig:13   | Got a bound garnet amulet
 69424 | Zig:13   | Identified the amulet "Ejej" {Inacc Fragile Str+2 Stlth+} (You found it on level 13 of a ziggurat)
 69428 | Zig:13   | Gained mutation: A frigid envelope surrounds you and freezes all who hurt you. [demonic ancestry]
 69428 | Zig:13   | Reached XP level 27. HP: 215/215 MP: 33/33
 69433 | Zig:13   | Got a twitching lead amulet
 69434 | Zig:13   | Identified the amulet of Xom's Malicious Joy {Faith rPois rC+ Dex+3} (You found it on level 13 of a ziggurat)
 69577 | Depths:5 | Found a gate to the Realm of Zot.
 69806 | Depths:5 | Found a corrupted altar of Lugonu.
 69925 | Depths:5 | Got a smoking helmet
 69936 | Depths:5 | Identified the +2 helmet of Veymempi {rPois} (You found it on level 5 of the Depths)
 70309 | Zot:1    | Entered Level 1 of the Realm of Zot
 70872 | Zot:1    | Received a gift from Trog
 71085 | Zot:1    | Found Ulepaem's Changing Room.
 72640 | Zot:3    | Received a gift from Trog
 73935 | Zot:4    | Received a gift from Trog
 74100 | Zot:4    | Reached skill level 15 in Dodging
 74692 | Zot:5    | Entered Level 5 of the Realm of Zot
 74697 | Zot:5    | Noticed an orb of fire
 74698 | Zot:5    | Noticed an orb of fire
 74698 | Zot:5    | Noticed an orb of fire
 74699 | Zot:5    | Gained mutation: You are weak. (Str -2) [an orb of fire]
 75043 | Zot:5    | Gained mutation: You occasionally shout uncontrollably at your foes. [an orb of fire]
 75053 | Zot:5    | Gained mutation: Your magical capacity is low. (-10% MP) [an orb of fire]
 75064 | Zot:4    | Gained mutation: Your body sometimes deteriorates upon taking damage. [an orb of fire]
 75065 | Zot:4    | Killed an orb of fire
 75065 | Zot:4    | HP: 2/215 [orb of fire/fireball (42)]
 75067 | Zot:4    | Killed from afar by an orb of fire

Vault maps used:
D:1:      kennysheep_arrival_forest, minmay_misc_feat_secret_circle,
          serial_bayou_lagoon_b
D:3:      elyvilon_altar_4, first_bread
D:4:      minitemple, amethyst_killhole, chequers_big_river
D:5:      cheibrodos_ashenzari_chains
D:6:      tgw_sif, minmay_temple_entry_overgrown, serial_shops, shop
D:7:      basic_altar, grunt_livestock, kennysheep_small_circle, uniq_joseph
D:8:      lemuel_round_altar, kennysheep_mini, minivault_19,
          chequers_guarded_unrand_ignorance, uniq_prince_ribbit1, uniq_maurice
D:9:      makhleb_blood_cavern_becter, enter_bailey_8, nemelex_dance_club_becter
D:10:     wad_lake_hut, erik_lair_orcish_takeover, zaba_antful_of_joy
D:11:     david_orc_5, kennysheep_pointless_box, kb_lookout_dungeons_type
D:12:     serial_shops, shop, nicolae_shop_stone, nicolae_shop_stone,
          uniq_nergalle, uniq_psyche
D:13:     grunt_vaults_entry_tiered
D:14:     infiniplex_staircase_9_rooms, minmay_misc_feat_hallway
D:15:     grunt_enter_depths_snipers, special_room, grunt_decor_arrowhead
Lair:1:   grunt_forest_stairs_basic, serial_bayou_shore_a, uniq_grum
Lair:2:   elwin_shoals_entry_rooms, minmay_lair_oklob_items,
          infiniplex_staircase_pool_2
Lair:3:   grunt_megastairs_3, uniq_sonja, uniq_harold
Lair:4:   guppyfry_snake_entry_island
Lair:6:   cheibrodos_lair_end_hotspot, nicolae_slime_entry_slimehenge
Shoals:3: cheibrodos_shoals_gigantism, serial_shops, shop_statue,
          nicolae_shop_stone, nicolae_shop_waterfront, shop,
          nicolae_shoals_dead_sea_scrolls
Shoals:4: shoals_end_hangedman, shoals_ilsuiw_alternative, serial_shops,
          nicolae_shop_temple_entry_statues_fountains, uniq_polyphemus,
          uniq_nikola, uniq_louise
Snake:1:  st_stairs_14, serial_bayou_ford_a, spider_trap
Snake:2:  serial_shops, shop
Snake:3:  spider_trap, minmay_shop_grove, uniq_vashnia, uniq_mara, uniq_aizul
Snake:4:  grunt_snake_rune_pools
Orc:1:    nicolae_volcano_entry_lava_flow, uniq_erolcha
Orc:2:    grunt_orc_tribal_feast, lab_entry_generic
Vaults:1: vaults_dpeg_encased_lava, nicolae_vaults_bisected_slash,
          vaults_room_octagon, v_alt_pattern_5, nicolae_vaults_three_branches,
          nicolae_vaults_big_angled_halls, v_alt_pattern_4, vaults_dpeg_spiral,
          vaults_mumra_hexcomb, nicolae_vaults_network_quinsquares,
          vaults_room_grunt_arrival_checkpoint, nicolae_vaults_yaktaur_gun_rack,
          vaults_room_pools
Vaults:2: vaults_room_corners, vaults_room_fours, grunt_vaults_twisty,
          minmay_crypt_entry_simple_box, vaults_room_large_hall,
          nicolae_vaults_little_squares_6, vaults_dpeg_ring,
          nicolae_vaults_little_ls, ontoclasm_vaults_loading_screen,
          nicolae_vaults_mini_display_case, serial_shops, shop, shop,
          shop_fountains, uniq_jory, uniq_bai_suzhen
Vaults:3: ontoclasm_vaults_tryst, hangedman_vaults_corner_blocks,
          nicolae_vaults_display_case, v_pattern_5, nicolae_vaults_arrows,
          v_alt_pattern_2, hangedman_vaults_nails, v_misc_18,
          nicolae_vaults_twisting_passages
Vaults:4: nicolae_vaults_inception_corners, vaults_room_pool, v_misc_13,
          ontoclasm_vaults_hangar, v_pattern_2, hangedman_vaults_restitches,
          hangedman_vaults_river_flow, vaults_room_semicircle,
          ontoclasm_vaults_eye, nicolae_vaults_shelves_hall, uniq_mennas
Vaults:5: serial_shops
Depths:1: wad_floor_pattern_untrapped, rand_demon_pan_entry_4, hell_entry,
          minmay_variable_closet, kennysheep_generic_room_12,
          infiniplex_staircase_pool_lava
Depths:2: hangedman_cross_veins, grunt_hell_horde,
          infiniplex_staircase_spiral_double, serial_bayou_shore_b,
          uniq_asterion, uniq_jorgrun
Depths:3: grunt_arcs, hangedman_abyss_or_decor_slice,
          grunt_hell_entry_dis_grunt, grunt_pan_entry_spiral, abyss_entry,
          minmay_staircase_windowed_small, uniq_sojobo
Depths:4: minmay_rotating_shell, serial_shops, nicolae_shop_stone,
          pf_coc_iceberg, minmay_room_of_horrors
Depths:5: grunt_x_marks_the_spot, enter_ziggurat_d, hell_entry,
          mu_enter_wizlab_6, tgw_lugonu_bribe
Zot:1:    nicolae_transmutations_shop
Zot:3:    st_single_dragon_hoard_1
Zot:5:    grunt_ministairs_15, lemuel_lake_of_fire
Zig:10:   ziggurat_pillar_centre_oklobs
Zig:12:   ziggurat_pillar_centre_smoke
Lab:      labyrinth_spiral, lab_fountain
Bailey:   bailey_polearm_2, bailey
Volcano:  volcano_aerie

Skill      XL: |  1  2  3  4  5  6  7  8  9 10 11 12 13 14 15 16 17 18 19 20 21 22 23 24 25 26 27 |
---------------+----------------------------------------------------------------------------------+-----
Axes           | 3 4 5 6 7 9 11 13 16 18 | 18.0
Armour         | 6 9 12 13 14 15 17 18 20 23 | 23.4
Dodging        | 3 9 12 15 | 15.9
Shields        | 3 6 8 10 11 14 17 18 19 20 22 23 25 | 25.0
Fighting       | 8 11 13 15 17 | 17.2
Evocations     | 9 11 13 14 | 14.6

Action                   |  1- 3 |  4- 6 |  7- 9 | 10-12 | 13-15 | 16-18 | 19-21 | 22-24 | 25-27 || total
-------------------------+-------+-------+-------+-------+-------+-------+-------+-------+-------++-------
Melee: Hand axe          |   132 |   179 |   262 |       |       |       |       |       |       ||   573
       Kick              |       |    47 |    53 |       |       |       |   589 |  1238 |   660 ||  2587
       War axe           |       |       |   150 |  1373 |   201 |       |       |       |       ||  1724
       Broad axe         |       |       |       |       |  1347 |  2522 |  2067 |  2430 |  1231 ||  9597
       Executioner's axe |       |       |       |       |     3 |       |       |       |       ||     3
Throw: Javelin           |       |       |       |       |     7 |       |       |       |       ||     7
Invok: Berserk           |       |     3 |    12 |    13 |    13 |     5 |     2 |     4 |     4 ||    56
       Burn Spellbooks   |       |       |     2 |       |     4 |     3 |     1 |     5 |     7 ||    22
       Trog's Hand       |       |       |     3 |     5 |     6 |     3 |       |     2 |       ||    19
       Brothers in Arms  |       |       |       |     3 |     6 |     6 |    10 |     4 |     7 ||    36
 Abil: Evoke Invisibilit |       |       |       |       |       |     1 |     1 |     2 |       ||     4
Evoke: Wand              |       |       |       |       |     1 |     6 |     3 |     1 |       ||    11
       Phial of floods   |       |       |       |       |       |     1 |     4 |       |     1 ||     6
       Box of beasts     |       |       |       |       |       |     1 |       |       |     1 ||     2
       Lamp of fire      |       |       |       |       |       |       |     4 |     1 |     1 ||     6
       Sack of spiders   |       |       |       |       |       |       |     3 |     4 |     2 ||     9
       Lightning rod     |       |       |       |       |       |       |     1 |       |       ||     1
  Use: Scroll            |       |       |     7 |    12 |     8 |    11 |     4 |     7 |    22 ||    71
       Potion            |       |       |       |     3 |     4 |     1 |     1 |     1 |     5 ||    15
 Stab: Sleeping          |       |       |     1 |     8 |     2 |    13 |     6 |     6 |       ||    36
       Distracted        |       |       |       |     1 |     2 |     2 |     7 |     8 |     3 ||    23
       Invisible         |       |       |       |       |     1 |       |     3 |     6 |       ||    10
       Petrified         |       |       |       |       |       |     3 |       |       |       ||     3
       Held in net/web   |       |       |       |       |       |       |       |     2 |     1 ||     3
       Confused          |       |       |       |       |       |       |       |       |    10 ||    10
  Eat: Chunk             |     2 |     9 |    13 |    51 |    39 |    37 |    25 |    26 |    25 ||   227
       Fruit             |       |       |     4 |     4 |     4 |     4 |       |     1 |     2 ||    19
       Meat ration       |       |       |     2 |     1 |     4 |     4 |     3 |     5 |     2 ||    21
       Royal jelly       |       |       |     1 |       |       |       |       |       |       ||     1
       Bread ration      |       |       |       |       |     2 |       |       |       |       ||     2
Armor: Animal skin       |    18 |       |       |       |       |       |       |       |       ||    18
       Ring mail         |    27 |    17 |       |       |       |       |       |       |       ||    44
       Chain mail        |       |    76 |   256 |   362 |       |       |       |       |       ||   694
       Plate armour      |       |       |       |    27 |   492 |   670 |   663 |   556 |    27 ||  2435
       Gold dragon scale |       |       |       |       |       |       |       |       |   484 ||   484
Dodge: Dodged            |    69 |    77 |   156 |   215 |   133 |   215 |   249 |   413 |   342 ||  1869
Block: Large shield      |       |       |       |  1205 |  1857 |  2878 |  2407 |  2848 |  1675 || 12870
